 Dungeon Crawl Stone Soup version 0.30.0-29-ga12c61a403 (webtiles) character file.

Game seed: 10844283849573404265

1950 comborobin the Insei (level 8, -2/68 HPs)
             Began as a Demigod Delver on June 6, 2023.
             Slain by an orc
             ... wielding a +0 trident
              (9 damage)
             ... on level 6 of the Dungeon.
             The game lasted 00:18:06 (6854 turns).

comborobin the Insei (Demigod Delver)               Turns: 6854, Time: 00:18:06

Health: -2/68      AC:  3    Str: 13    XL:     8   Next: 66%
Magic:  13/14      EV: 15    Int: 16    God:
Gold:   316        SH:  0    Dex: 25    Spells: 6/11 levels left

rFire   . .          .
                       - Unarmed
rCold   . . .        (no shield)
rNeg    . . .        a - +0 leather armour
rPois   .            (no helmet)
rElec   .            (no cloak)
rCorr   .            (no gloves)
SInv    .            (no boots)
Will    .....        w - amulet of regeneration
Stlth   +++          p - +6 ring of dexterity
HPRegen 1.11/turn    (no ring)
MPRegen 0.14/turn

%: no passive effects
@: no status effects
A: high MP 1, forlorn, divine attributes
a: no special abilities


You were on level 6 of the Dungeon.
You visited 1 branch of the dungeon, and saw 6 of its levels.

You collected 316 gold pieces.

Inventory:

Hand Weapons
 b - a +2 dagger of protection
 e - a +3 flail of venom
 z - a +1 dagger of distortion
Missiles
 i - 8 poisoned darts (quivered)
 o - 16 boomerangs
 B - 2 throwing nets
Armour
 a - a +0 leather armour (worn)
 k - an orb of guile
 r - a +0 robe
 y - a +0 buckler
Magical Staves
 q - a staff of death
Jewellery
 p - a +6 ring of dexterity (left hand)
 w - an amulet of regeneration (around neck)
Wands
 f - a wand of digging (3)
 x - a wand of charming (10)
Scrolls
 c - 2 scrolls of magic mapping
 d - 2 scrolls of fear
 g - 7 scrolls of teleportation
 h - 2 scrolls of amnesia
 j - 3 scrolls of identify
 l - a scroll of blinking
 n - 2 scrolls of vulnerability
 t - a scroll of poison
 u - a scroll of fog
 v - 2 scrolls of enchant armour
 C - a scroll of immolation
Potions
 m - 2 potions of attraction
 A - a potion of ambrosia


   Skills:
 + Level 5.1 Fighting
 - Level 4.0 Short Blades
 - Level 5.0 Dodging
 + Level 4.7 Stealth
 + Level 6.0 Unarmed Combat
 - Level 2.0 Spellcasting
 * Level 2.4 Hexes
 - Level 2.0 Ice Magic


You had 6 spell levels left.
You knew the following spells:

 Your Spells              Type           Power      Damage    Failure   Level
a - Ensorcelled Hibernat  Hex/Ice        16%        N/A       16%         2
b - Confusing Touch       Hex            9%         N/A       28%         3

Your spell library contained the following spells:

 Spells                   Type           Power      Damage    Failure   Level
 Kiss of Death            Conj/Necr      4%         2d5       26%         1
 Necrotise                Necr           4%         1d4       26%         1
 Passwall                 Tmut/Erth      0%         N/A       36%         2
 Dazzling Flash           Conj/Hex       10%        N/A       43%         3
 Swiftness                Air            1%         N/A       61%         3
 Vampiric Draining        Necr           1%         2d6       61%         3
 Dispel Undead            Necr           1%         3d6       95%         4
 Silence                  Hex/Air        2%         N/A       99%         5
 Agony                    Necr           1%         N/A       100%        5


Dungeon Overview and Level Annotations

Branches:
Dungeon (6/15)             Temple (0/1) D:4

Shops:
D:4 (


Innate Abilities, Weirdness & Mutations

You have an increased reservoir of magic. (+10% MP)
You shall have no god before yourself.
Your divine heritage dramatically boosts your attributes as you level up.


Message History

The orc priest calls down the wrath of Beogh upon you.
Pain shoots through your body! The orc hits you with a +0 short sword.
* * * LOW HITPOINT WARNING * * *
The orc barely misses you.
You hit the orc priest.
The orc priest is almost dead.
The orc priest casts a cantrip, but nothing happens.
The orc closely misses you. The orc misses you.
You feel better.
The orc priest looks satisfied for a moment.
The orc hits you with a +0 short sword. The orc hits you with a +0 trident.
* * * LOW HITPOINT WARNING * * *
You are confused.
You feel invigorated.
The orc priest calls down the wrath of Beogh upon you.
Pain shoots through your body!
* * * LOW HITPOINT WARNING * * *
The orc closely misses you. The orc misses you.
The orc attacks as you move away! The orc closely misses you.
The orc priest invokes the aid of Beogh against you.
You struggle to resist.
The orc hits you with a +0 trident!
* * * LOW HITPOINT WARNING * * *
You bump into the rock wall.
You feel less invigorated.
You feel less confused. The orc barely misses you. The orc misses you.
An orc comes into view. It is wielding a +0 flail.
The orc shouts!
You hit the orc. Your punch misses the orc.
The orc is lightly wounded.
The orc priest barely misses you. The orc closely misses you. x2
You hit the orc but do no damage.
The orc is lightly wounded.
The orc priest mumbles some strange prayers to Beogh against you.
Pain shoots through your body!
* * * LOW HITPOINT WARNING * * *
The orc closely misses you. The orc completely misses you.
You hit the orc.
You kill the orc!
The orc priest closely misses you. The orc hits you with a +0 trident!
You die...

#
#..#####.##
...5.....#
..#####.##
#.#
..#####.##
.........#
.###.##.##
.#.###.##o##
........oo@#
...###.##)##
#. #.# #.
#.# #. #.#
#. #.# ..
... #. #.#


You could see an orc priest and 2 orcs.

Vanquished Creatures
  Pikel (D:5)
  4 yaks (D:5)
  Edmund (D:6)
  An ice beast (D:6)
  An ogre (D:6)
  A black bear (D:5)
  2 lemures (D:5)
  A scorpion (D:5)
  A hound (D:5)
  4 orc priests
  A jelly (D:6)
  Ijyb (D:5)
  3 orc wizards
  2 iguanas
  3 gnolls (D:6)
  6 adders
  A white imp (D:6)
  An ufetubus (D:6)
  5 dart slugs
  8 orcs
  5 bats
  5 endoplasms
  2 giant cockroaches
  8 goblins
  4 hobgoblins
  2 jackals (D:1)
  10 kobolds
  2 quokkas
  7 ball pythons
  3 frilled lizards
  7 rats
103 creatures vanquished.

Vanquished Creatures (others)
  A lemure (D:5)
1 creature vanquished.

Grand Total: 104 creatures vanquished

Notes
Turn   | Place    | Note
-------+----------+-------------------------------------------
     0 | D:5      | comborobin the Demigod Delver began the quest for the Orb.
     0 | D:5      | Reached XP level 1. HP: 18/18 MP: 3/3
   106 | D:5      | Noticed a yak
   129 | D:5      | Noticed an iguana
   130 | D:5      | Noticed a hound
   367 | D:2      | Reached skill level 2 in Unarmed Combat
   498 | D:2      | Reached XP level 2. HP: 25/25 MP: 4/4
   502 | D:2      | Reached skill level 3 in Unarmed Combat
   725 | D:2      | Reached XP level 3. HP: 26/30 MP: 5/5
  2072 | D:3      | Learned a level 2 spell: Ensorcelled Hibernation
  2348 | D:3      | Reached XP level 4. HP: 18/37 MP: 7/7
  3133 | D:4      | Found a staircase to the Ecumenical Temple.
  3207 | D:4      | Reached skill level 1 in Spellcasting
  3523 | D:4      | Reached skill level 1 in Hexes
  3523 | D:4      | Found Astranga's Antique Weapon Emporium.
  3886 | D:5      | Noticed Ijyb
  3890 | D:5      | Reached skill level 1 in Short Blades
  3893 | D:5      | Killed Ijyb
  3894 | D:5      | Reached skill level 1 in Ice Magic
  3894 | D:5      | Reached XP level 5. HP: 42/42 MP: 6/9
  4679 | D:5      | Noticed a black bear
  4686 | D:5      | Killed a black bear
  4687 | D:5      | Reached XP level 6. HP: 50/50 MP: 8/11
  5032 | D:5      | Noticed a yak
  5033 | D:5      | Noticed a yak
  5047 | D:5      | Killed a yak
  5047 | D:5      | Noticed a yak
  5085 | D:5      | Killed a yak
  5086 | D:5      | Reached XP level 7. HP: 44/56 MP: 5/13
  5092 | D:5      | Killed a yak
  5098 | D:5      | Killed a yak
  5099 | D:5      | Reached skill level 5 in Dodging
  6000 | D:5      | Noticed Pikel
  6011 | D:5      | Killed Pikel
  6012 | D:5      | Reached skill level 5 in Unarmed Combat
  6012 | D:5      | Reached XP level 8. HP: 61/66 MP: 9/14
  6409 | D:6      | Noticed Edmund
  6456 | D:6      | Killed Edmund
  6534 | D:6      | Reached skill level 5 in Fighting
  6670 | D:6      | Learned a level 3 spell: Confusing Touch
  6786 | D:6      | Reached skill level 6 in Unarmed Combat
  6854 | D:6      | Slain by an orc

Illustrated notes

Levels and vault maps discovered:
D:1:      tarquinn_simple_flora_water_d, layout_basic
D:2:      layout_basic, reono_crystal_passage, eino_curves_03
D:3:      layout_loops_ring, fedhas_altar_2, nicolae_ashenzari_panopticon,
          yredelemnul_altar_generic, chequers_ecumenical_altar_island,
          hangedman_glass_teeth, minmay_fractal_squares_5
D:4:      layout_basic, minmay_temple_entry_statues_pillars, serial_shops,
          nicolae_shop_back_alley_shop, saegor_snake_ambush
D:5:      layout_basic, uniq_pikel, uniq_ijyb
D:6:      layout_basic, nicolae_ossuary_entry_plus, uniq_edmund

Skill      XL: |  1  2  3  4  5  6  7  8 |
---------------+-------------------------+-----
Unarmed Combat | 2 3 5 6 |  6.0
Spellcasting   | 1 2 |  2.0
Hexes          | 1 2 |  2.4
Short Blades   | 1 2 3 4 |  4.0
Ice Magic      | 1 2 |  2.0
Dodging        | 3 5 |  5.0
Fighting       | 4 5 |  5.1
Stealth        | |  4.7

Action                     |  1- 3 |  4- 6 |  7- 9 || total
---------------------------+-------+-------+-------++-------
  Melee: Unarmed           |   171 |    17 |    94 ||   282
         Punch             |     4 |       |     5 ||     9
         Dagger            |       |    31 |    66 ||    97
  Throw: Dart              |       |     8 |     1 ||     9
   Cast: Ensorcelled Hiber |       |    16 |    29 ||    45
         Confusing Touch   |       |       |     1 ||     1
  Evoke: Wand              |       |       |     5 ||     5
    Use: Potion            |     1 |     2 |     4 ||     7
         Scroll            |       |    12 |       ||    12
   Stab: Sleeping          |    11 |    12 |    15 ||    38
         Distracted        |     1 |       |       ||     1
         Confused          |       |       |     1 ||     1
 Armour: Leather armour    |    42 |    16 |    25 ||    83
         Skin              |       |     3 |     6 ||     9
  Dodge: Dodged            |   108 |    41 |   120 ||   269
